 Dungeon Crawl Stone Soup version 0.21-a0-630-g344d351 (webtiles) character file.

2726 slep the Slasher (level 9, -11/47 HPs)
             Began as a Vine Stalker Gladiator on Dec 27, 2017.
             Was a Follower of Okawaru.
             Mangled by a two-headed ogre
             ... wielding a +0 giant club
              (23 damage)
             ... on level 6 of the Dungeon.
             The game lasted 00:20:59 (3961 turns).

slep the Slasher (Vine Stalker Gladiator)           Turns: 3961, Time: 00:21:01

Health: -11/47     AC:  7    Str: 18    XL:     9   Next: 67%
Magic:  0/15       EV: 16    Int:  8    God:    Okawaru [*.....]
Gold:   331        SH:  0    Dex: 18    Spells: 15/15 levels left

rFire    + . .     SeeInvis .   a - +0 long sword
rCold    . . .     Gourm    .   (no shield)
rNeg     . . .     Faith    .   q - +2 robe {MR+}
rPois    .         Spirit   +   t - +1 hat
rElec    .         Reflect  .   D - +0 cloak
rCorr    .         Harm     .   (no gloves)
MR       ++...     Rnd*Tele +   j - +0 pair of boots
Stlth    ++++......             (no amulet)
HPRegen  0.55/turn              x - ring of teleportation (curse)
MPRegen  0.14/turn              s - ring of protection from fire

@: no status effects
A: fangs 3, regeneration 1, magic shield, antimagic bite, no potion heal 3, rot
immunity
a: Heroism, Renounce Religion


You were on level 6 of the Dungeon.
You worshipped Okawaru.
Okawaru was aware of your devotion.
You were not hungry.

You visited 1 branch of the dungeon, and saw 6 of its levels.

You collected 367 gold pieces.
You spent 36 gold pieces at shops.

Inventory:

Hand Weapons
 a - a +0 long sword (weapon)
 G - a +0 blowgun
Missiles
 d - 3 throwing nets (quivered)
 o - 38 poisoned needles
 z - 18 sling bullets
 J - 6 javelins
Armour
 b - a +0 leather armour
 c - a +0 helmet
 j - a +0 pair of boots (worn)
 q - a +2 robe of magic resistance (worn)
 t - a +1 hat (worn)
 D - a +0 cloak (worn)
Jewellery
 i - a +3 ring of evasion {unknown}
 m - an uncursed ring of magical power
 s - a ring of protection from fire (right hand)
 u - an uncursed ring of wizardry
 w - an uncursed ring of fire {unknown}
 x - a cursed ring of teleportation (left hand)
Wands
 h - a wand of disintegration (20)
 A - a wand of clouds (7)
 E - a wand of flame (21)
Scrolls
 e - 3 scrolls of enchant weapon {unknown}
 g - 6 scrolls of identify {unknown}
 k - 2 scrolls of teleportation {unknown}
 l - a scroll of blinking {unknown}
 n - a scroll of fog {unknown}
 p - a scroll of amnesia {unknown}
 y - a scroll of noise {unknown}
 F - a scroll of immolation {unknown}
 I - a scroll of remove curse {unknown}
 K - a scroll of fear {unknown}
Potions
 v - 2 potions of heal wounds
 B - a potion of brilliance {unknown}
 C - 2 potions of flight
Books
 H - the Reference Book on Warped Attacks
   (You found it on level 3 of the Dungeon)

   Spells                             Type                      Level
   a - Shroud of Golubria             Charms/Translocation         2
   b - Stone Arrow                    Conjuration/Earth            3
   c - Portal Projectile              Hexes/Translocation          3
   d - Iron Shot                      Conjuration/Earth            6
Comestibles
 f - 5 rations
 r - 2 chunks of flesh


   Skills:
 + Level 5.3 Fighting
 + Level 7.9 Long Blades
 + Level 4.2 Throwing
 + Level 4.3 Armour
 + Level 5.2 Dodging
 + Level 6.8 Stealth
 + Level 3.8 Spellcasting
 + Level 3.9 Invocations
 + Level 3.4 Evocations


You had 15 spell levels left.
You didn't know any spells.

Dungeon Overview and Level Annotations

Branches:
Dungeon (6/15)
 Temple: D:4-7

Altars:
Ashenzari
Cheibriados
Fedhas
Gozag
Okawaru
Trog
Vehumet
Xom
Yredelemnul

Shops:
D:4 *


Innate Abilities, Weirdness & Mutations

You have razor-sharp teeth.
Your natural rate of healing is unusually fast.
When hurt, damage is shared between your health and your magic reserves.
Your bite disrupts and absorbs the magic of your enemies.
Potions cannot restore your health.
You are immune to rotting.


Message History

The two-headed ogre hits you with a giant club!
You hit the two-headed ogre. You bite the two-headed ogre. You drain its power.
You feel invigorated.
The two-headed ogre is lightly wounded.
The two-headed ogre hits you with a giant club.
The two-headed ogre barely misses you.
You hit the two-headed ogre. Your bite misses the two-headed ogre.
The two-headed ogre is lightly wounded.
The two-headed ogre hits you with a giant club.
The two-headed ogre hits you with a giant club!
You hit the two-headed ogre but do no damage.
You bite the two-headed ogre, but do no damage.
The two-headed ogre is lightly wounded.
You hit the two-headed ogre.
You bite the two-headed ogre, but do no damage.
The two-headed ogre is moderately wounded.
The two-headed ogre hits you with a giant club!
* * * LOW HITPOINT WARNING * * *
The two-headed ogre hits you with a giant club!!
You die...

......##.........
...................
#######.#.....#...#
#.#..........
#.#######... #.#
#>. #.# #.# #.# #O#
#.# #@# #.#
#.####### #.#
#........ #.####
#.####.## #....#
#.# ####.# ###.###
#.# #...).# #.#
#.#.#)#### #.#
#>#......#


You could see a two-headed ogre.

Vanquished Creatures
  The ghost of howech the Magician, a novice GnWz (D:4)
  An orc warrior (D:6)
  2 phantoms
  A bullfrog (D:4)
  A gnoll sergeant (D:5)
  A wyvern skeleton (D:4)
  A crimson imp (D:3)
  2 hounds (D:4)
  An orc priest (D:6)
  A centaur skeleton (D:4)
  Crazy Yiuf (D:3)
  7 gnoll shamans (D:5)
  An iguana (D:5)
  An orc wizard (D:6)
  3 worker ants
  32 gnolls
  4 adders
  An adder skeleton (D:5)
  A worm (D:3)
  3 dart slugs
  5 leopard geckos
  7 orcs
  4 giant cockroaches
  10 goblins
  6 hobgoblins
  22 jackals
  2 quokkas (D:2)
  2 ball pythons
  8 bats
  A frilled lizard (D:2)
  A jackal zombie (D:5)
  8 kobolds
  7 rats
  A spectral orc (D:3)
150 creatures vanquished.

Notes
Turn   | Place    | Note
-------+----------+-------------------------------------------
     0 | D:1      | slep the Vine Stalker Gladiator began the quest for the Orb.
     0 | D:1      | Reached XP level 1. HP: 11/11 MP: 2/2
   257 | D:1      | Reached XP level 2. HP: 13/15 MP: 3/3
   343 | D:1      | Reached skill level 3 in Long Blades
   480 | D:1      | Reached XP level 3. HP: 18/18 MP: 4/4
   692 | D:3      | Found an opulent altar of Gozag.
   705 | D:3      | Found a basalt altar of Yredelemnul.
   733 | D:3      | Found a transporter.
   734 | D:3      | Found a shimmering altar of Xom.
   753 | D:3      | Found a transporter.
   838 | D:4      | Reached skill level 1 in Stealth
   838 | D:4      | Gained mutation: Your natural rate of healing is unusually fast. [Vine Stalker growth]
   838 | D:4      | Reached XP level 4. HP: 18/23 MP: 5/5
   863 | D:4      | Noticed a bullfrog
   868 | D:4      | Killed a bullfrog
   868 | D:4      | Reached skill level 4 in Long Blades
   868 | D:4      | Reached XP level 5. HP: 21/26 MP: 6/6
   897 | D:4      | Reached skill level 1 in Armour
   904 | D:4      | Noticed a phantom
   910 | D:4      | Found Emok's General Store.
   967 | D:4      | Killed a phantom
   967 | D:4      | Reached XP level 6. HP: 22/32 MP: 7/7
  1119 | D:3      | Found a runed door.
  1210 | D:3      | Found a snail-covered altar of Cheibriados.
  1541 | D:2      | Found a blossoming altar of Fedhas.
  1642 | D:2      | Noticed a phantom
  1652 | D:2      | Reached skill level 5 in Long Blades
  1662 | D:2      | Killed a phantom
  1662 | D:2      | Reached XP level 7. HP: 31/35 MP: 8/8
  2027 | D:3      | Noticed Crazy Yiuf
  2033 | D:3      | Killed Crazy Yiuf
  2337 | D:3      | Identified the Reference Book on Warped Attacks
  2362 | D:4      | Noticed howech's ghost (novice GnWz)
  2398 | D:4      | Killed howech's ghost
  2398 | D:4      | Reached skill level 6 in Long Blades
  2425 | D:4      | Gained mutation: You have razor-sharp teeth. [Vine Stalker growth]
  2425 | D:4      | Reached XP level 8. HP: 20/40 MP: 9/9
  2630 | D:4      | Found a shattered altar of Ashenzari.
  2661 | D:4      | Bought a potion of flight for 36 gold pieces
  2830 | D:5      | Entered Level 5 of the Dungeon
  2919 | D:5      | Found a bloodstained altar of Trog.
  2959 | D:5      | Found a radiant altar of Vehumet.
  3040 | D:5      | Found an iron altar of Okawaru.
  3045 | D:5      | Became a worshipper of Warmaster Okawaru
  3348 | D:5      | Reached skill level 5 in Fighting
  3348 | D:5      | Reached skill level 7 in Long Blades
  3348 | D:5      | Reached skill level 5 in Dodging
  3348 | D:5      | Reached XP level 9. HP: 47/47 MP: 9/15
  3443 | D:5      | HP: 2/47 [gnoll/club (3)]
  3451 | D:5      | HP: 2/47 [gnoll (1)]
  3628 | D:5      | Reached * piety under Okawaru
  3716 | D:6      | Noticed a two-headed ogre
  3961 | D:6      | Mangled by a two-headed ogre

Vault maps used:
D:1:      tarquinn_simple_flora_water_d, hangedman_decor_clover_reticule
D:2:      fedhas_altar_1, first_ration
D:3:      minmay_wonky_spiral, cheibriados_altar_1, overflow_temple_1_default,
          gammafunk_temple_overflow_arena, yredelemnul_forgotten_temple_becter,
          kennysheep_generic_room_6, uniq_crazy_yiuf_cottage
D:4:      lemuel_crystal_altar, serial_shops,
          nicolae_shop_temple_entry_statues_fountains
D:5:      lemuel_castle_with_subvaults, okawaru_metal_pillars_1_2,
          lightli_temple_of_fire, vehumet_altar_wand_db

Skill      XL: |  1  2  3  4  5  6  7  8 |
---------------+-------------------------+-----
Fighting       | 2 3 5 |  5.3
Long Blades    | 3 4 5 6 7 |  7.9
Throwing       | 2 4 |  4.2
Stealth        | 1 2 3 6 |  6.8
Armour         | 1 2 4 |  4.3
Dodging        | 3 5 |  5.2
Spellcasting   | 3 |  3.8
Invocations    | 3 |  3.9
Evocations     | 3 |  3.4

Action                   |  1- 3 |  4- 6 |  7- 9 || total
-------------------------+-------+-------+-------++-------
Melee: Long sword        |    53 |   100 |   283 ||   436
       Bite              |    17 |    44 |   138 ||   199
  Use: Potion            |       |       |     6 ||     6
 Stab: Sleeping          |     3 |       |     8 ||    11
       Distracted        |       |       |     2 ||     2
  Eat: Chunk             |       |     3 |     8 ||    11
Armor: Leather armour    |    22 |    26 |    64 ||   112
       Robe              |       |       |     2 ||     2
Dodge: Dodged            |    36 |    83 |   247 ||   366
       Rpst.: Long sword |    13 |    32 |    59 ||   104

Table legend:
 A = Spawn XP
 B = Non-spawn XP
 C = Spawn XP percentage of total XP
 D = Spawn monster count
 E = Non-spawn monster count
 F = Spawn count percentage of total count
 G = Total turns spent on level
                    A         B        C        D         E        F      G
               +---------+---------+-------+---------+---------+-------+---------
         Total |       0 |    2460 |   0.0 |       0 |     150 |   0.0 |  3961
               +---------+---------+-------+---------+---------+-------+---------
           D:1 |       0 |      89 |   0.0 |       0 |      23 |   0.0 |   717
           D:2 |       0 |     243 |   0.0 |       0 |      26 |   0.0 |   613
           D:3 |       0 |     113 |   0.0 |       0 |      16 |   0.0 |   766
           D:4 |       0 |     898 |   0.0 |       0 |      16 |   0.0 |   734
           D:5 |       0 |     851 |   0.0 |       0 |      60 |   0.0 |   884
           D:6 |       0 |     266 |   0.0 |       0 |       9 |   0.0 |   247
               +---------+---------+-------+---------+---------+-------+---------
